 Dungeon Crawl Stone Soup version 0.27-a0-972-gd1521fd (webtiles) character file.

Game seed: 1025858638681711159

28 ChiliFlavouring the Skirmisher (level 2, 0/24 HPs)
             Began as a Demonspawn Berserker on Apr 13, 2021.
             Was a Believer of Trog.
             Succumbed to an adder's poison
             ... on level 1 of the Dungeon.
             The game lasted 00:02:18 (1162 turns).

ChiliFlavouring the Skirmisher (DsBe)               Turns: 1162, Time: 00:02:18

Health: 0/24       AC:  5    Str: 17    XL:     2   Next: 96%
Magic:  2/2        EV: 11    Int:  8    God:    Trog [**....]
Gold:   49         SH:  0    Dex: 12    Spells: 1/1 levels left

rFire    . . .     SeeInvis .   a - +0 mace
rCold    . . .     Faith    .   (no shield)
rNeg     . . .     Spirit   .   d - +0 ring mail
rPois    .         Reflect  .   (no helmet)
rElec    .         Harm     .   (no cloak)
rCorr    .         Rampage  .   (no gloves)
Will     .....                  (no boots)
Stlth    +.........             f - amulet of regeneration
HPRegen  1.08/turn              (no ring)
MPRegen  0.08/turn              (no ring)

@: lethally poisoned (0 -> -3)
A: claws 1
a: Renounce Religion, Berserk, Trog's Hand


You were on level 1 of the Dungeon.
You worshipped Trog.
Trog was pleased with you.
You visited 1 branch of the dungeon, and saw 2 of its levels.

You collected 49 gold pieces.

Inventory:

Hand Weapons
 a - a +0 mace (weapon)
Armour
 b - a +0 animal skin
 d - a +0 ring mail (worn)
Jewellery
 f - an amulet of regeneration (around neck)
 h - a ring of protection from fire
Scrolls
 c - 4 scrolls of identify {unknown}
 e - a scroll of acquirement {unknown}
 i - a scroll of enchant weapon {unknown}
Potions
 g - a potion of flight {unknown}


   Skills:
 + Level 3.4 Fighting
 + Level 2.9 Maces & Flails
 + Level 2.3 Armour
 - Level 1.7 Dodging
 - Level 0.7 Unarmed Combat


You had one spell level left.
You didn't know any spells.
Your spell library was empty.

Dungeon Overview and Level Annotations

Branches:
Dungeon (2/15)

Altars:


Innate Abilities, Weirdness & Mutations

You have sharp fingernails.


Message History

You hit the adder.
The adder is moderately wounded.
The bat closely misses you. The adder misses you. The bat misses you.
The adder barely misses you.
You closely miss the adder.
The adder is moderately wounded.
The bat hits you but does no damage.
The giant cockroach bites you but does no damage.
The adder bites you.
You are poisoned.
The adder poisons you! The giant cockroach bites you.
You hit the adder.
The adder is heavily wounded.
You feel very sick. The bat closely misses you. The adder bites you.
You are more poisoned.
The adder poisons you! The giant cockroach bites you. The adder bites you.
You are more poisoned.
The adder poisons you!
You miss the adder.
The adder is heavily wounded.
You feel very sick. The bat hits you but does no damage.
The giant cockroach bites you but does no damage.
The adder misses you.
The giant cockroach bites you but does no damage.
You are too injured to fight recklessly!
You feel very sick. The adder bites you.
* * * LOW HITPOINT WARNING * * *
You are lethally poisoned!
The adder poisons you! The adder closely misses you.
The giant cockroach completely misses you.
You climb upwards.
* * * LOW HITPOINT WARNING * * *
You feel very sick.
There is a stone staircase leading down here.
You miss the adder.
The adder is moderately wounded.
You die...

#.# #...............####
#####.# #...............#
#...#.# #........####'#.#
##.#.#.# #........# #.#.####
.....#.# ###........# #.#.....
##...#'### #..........#
#.###### .........#
#.###.###..# #.# .........#
#.#.BS..#..# #.#
.........###.#..@..#.#####'###
.........##.(........##..†...#
............)#.....#.##......#
#######...#..#.....#.##......#
#...##.###.###.##......#
#..............##......#
#...#....########......#
#...###### #......# #...#
#......#


You could see an adder and a giant cockroach.

Vanquished Creatures
  3 ball pythons (D:1)
  5 bats (D:1)
  An endoplasm (D:1)
  2 giant cockroaches (D:1)
  4 goblins (D:1)
  A hobgoblin (D:1)
  2 jackals (D:1)
  A quokka (D:1)
  A frilled lizard (D:1)
  4 kobolds (D:1)
  2 rats (D:1)
26 creatures vanquished.

Notes
Turn   | Place    | Note
-------+----------+-------------------------------------------
     0 | D:1      | ChiliFlavouring the Demonspawn Berserker began the quest
                  | for the Orb.
     0 | D:1      | Reached XP level 1. HP: 18/18 MP: 1/1
   352 | D:1      | Gained mutation: You have sharp fingernails. [demonic
                  | ancestry]
   352 | D:1      | Reached XP level 2. HP: 20/24 MP: 2/2
  1001 | D:1      | Reached ** piety under Trog
  1162 | D:1      | Succumbed to an adder's poison

Illustrated notes

Levels and vault maps discovered:
D:1:      lemuel_arrival_broad_hall, layout_basic, st_stairs_3,
          minmay_liquid_box
D:2:      layout_loops_ring, hellmonk_ecumenical_altar_heavens_door,
          dk_noncrumbling_4

Skill      XL: |  1 |
---------------+----+-----
Armour         | 2 |  2.3
Fighting       | |  3.4
Maces & Flails | |  2.9
Dodging        | |  1.7
Unarmed Combat | |  0.7

Action                   || total
-------------------------++-------
Melee: Mace              ||    38
       Unarmed           ||    64
Armor: Ring mail         ||    41
Dodge: Dodged            ||    78

Table legend: (Time is in decaauts)
 A = Elapsed time spent in this place.
 B = Non-inter-level travel time spent in this place.
 C = Inter-level travel time spent in this place.
 D = Time resting spent in this place.
 E = Time spent auto-exploring this place.
 F = Levels seen in this place.
 G = Mean time per level.
                   A        B        C        D        E       F      G
               +--------+--------+--------+--------+--------+-----+--------+
         Total |   1171 |   1133 |     38 |      0 |    933 |   2 |  585.5 |
       Dungeon |   1171 |   1133 |     38 |      0 |    933 |   2 |  585.5 |
               +--------+--------+--------+--------+--------+-----+--------+

Top non-repeatable levels by time:
     D:1: 1162 daAuts
     D:2: 9 daAuts
